AoeStats
← Thefuture

Glade

510609466Analyzed
1v1 RM · 11h ago on Oct 1, 2026· 29m 31s· 2 players
Game mode
Random Map
Map size
Tiny (2 player)
Population
200
Speed
Normal
Resources
Standard
Victory
Conquest
Starting age
Dark Age
Ending age
Imperial Age
RankedLock teamsTeams togetherTeam positionsShared explorationLock speedFull tech treeHidden civsTurbo modeCheats
Victory
Defeat
🇧🇷 Burmese · Brazil
1195
+16
🇩🇪 Celts · Germany
1189
-16
vallntin
9:13 Loom
11:19 Feudal Age
17:22 Castle Age
16:29 Double-Bit Axe
17:54 Fletching
17:35 Crossbowman
19:58 Bow Saw
26:28 Bodkin Arrow
29:04 Ballistics
Thefuture
2:35 Loom
10:26 Feudal Age
10:36 Man-at-Arms
21:09 Castle Age
19:50 Scale Mail Armor
21:33 Forging
22:19 Chain Mail Armor
22:09 Squires
21:55 Gambesons
21:32 Long Swordsman
22:09 Gold Mining
22:52 Horse Collar
23:03 Horse Collar
26:07 Iron Casting
27:28 Wheelbarrow
Connection lost

Rejoining the realm…

Still unreachable

The connection could not be restored.

Session expired

The server has moved on; the page needs a fresh start.